Map: Dusk Towers

Players

ShoWTimE

  • Race: Protoss Protoss
  • League: Master

Serral - Winner!

  • Race: Zerg Zerg
  • League: Grandmaster

Event: NationWars III

VOD

https://www.youtube.com/watch?v=piDiI7gDqNY

Description

Time

  • Played on: Dec. 13, 2015, 2:16 p.m.
  • Length: 23:26

All games in this series

Show
View Real Time Build Order
Export as new Build Order

ShoWTimE Protoss 

Build Orders: Nexus First 

Get SALT Encoding   

  12  0:01  Probe (Chrono Boost)  
  13  0:11  Probe (Chrono Boost)  
  14  0:17  Pylon  
  14  0:22  Probe (Chrono Boost)  
  15  0:36  Probe (Chrono Boost)  
  16  0:46  Probe (Chrono Boost)  
  17  0:59  Nexus  
  17  1:10  Gateway  
  17  1:12  Probe (Chrono Boost)  
  18  1:19  Assimilator  
  18  1:23  Probe (Chrono Boost)  
  19  1:27  Assimilator  
  19  1:33  Probe (Chrono Boost)  
  19  1:36  Pylon  
  20  1:44  Probe (Chrono Boost)  
  21  1:54  Probe (Chrono Boost)  
  21  1:55  Gateway  
  21  1:58  Cybernetics Core  
  22  2:05  Probe (Chrono Boost)  
  23  2:11  Probe (Chrono Boost)  
  25  2:15  Probe (Chrono Boost)  
  25  2:22  Probe (Chrono Boost)  
  26  2:26  Probe (Chrono Boost)  
  27  2:32  Probe (Chrono Boost)  
  27  2:35  Warp Gate  
  30  2:37  Mothership Core (Chrono Boost)  
  30  2:38  Adept (Chrono Boost)  
  30  2:42  Adept (Chrono Boost)  
  30  2:43  Probe (Chrono Boost)  
  35  2:48  Pylon  
  35  2:53  Probe  
  35  2:56  Probe  
  37  3:06  Probe  
  37  3:07  Adept (Chrono Boost)  
  37  3:08  Probe  
  41  3:14  Twilight Council  
  41  3:18  Probe (Chrono Boost)  
  42  3:20  Pylon  
  42  3:21  Probe (Chrono Boost)  
  42  3:26  Adept (Chrono Boost)  
  45  3:30  Probe (Chrono Boost)  
  46  3:35  Pylon  
  46  3:38  Probe (Chrono Boost)  
  46  3:40  Probe (Chrono Boost)  
  48  3:42  Pylon  
  48  3:43  Pylon  
  48  3:49  Probe (Chrono Boost)  
  48  3:52  Probe (Chrono Boost)  
  50  3:59  Probe (Chrono Boost)  
  50  4:01  Resonating Glaives (Chrono Boost)  
  50  4:02  Probe (Chrono Boost)  
  52  4:08  Robotics Facility  
  47  4:10  Probe (Chrono Boost)  
  47  4:12  Probe (Chrono Boost)  
  49  4:18  Gateway x2  
  49  4:19  Forge  
  49  4:20  Probe  
  49  4:21  Probe  
  49  4:23  Assimilator  
  51  4:27  Assimilator  
  51  4:33  Probe  
  51  4:37  Pylon  
  52  4:39  Probe  
  53  4:47  Nexus  
  53  4:49  Pylon  
  53  4:50  Stalker  
  55  4:54  Protoss Ground Weapons Level 1 (Chrono Boost)  
  55  5:00  Warp Prism (Chrono Boost)  
  55  5:01  Probe  
  55  5:02  Probe  
  59  5:11  Adept  
  59  5:12  Adept  
  59  5:13  Probe  
  64  5:14  Sentry, Probe  
  64  5:16  Sentry  
  64  5:20  Pylon  
  69  5:25  Probe  
  70  5:28  Gateway  
  70  5:30  Gateway  
  70  5:38  Probe  
  70  5:39  Gateway  
  70  5:40  Probe  
  70  5:41  Gateway  
  72  5:51  Probe  
  72  5:52  Probe  
  72  5:53  Observer (Chrono Boost)  
  75  6:00  Sentry, Stalker x2  
  75  6:02  Photon Cannon  
  75  6:03  Probe  
  82  6:05  Probe  
  82  6:06  Probe  
  84  6:15  Probe  
  84  6:17  Probe x2  
  86  6:18  Blink  
  86  6:21  Pylon  
  86  6:24  Pylon  
  87  6:27  Probe x2  
  87  6:31  Stalker x2  
  93  6:39  Probe  
  93  6:41  Probe, Robotics Bay  
  93  6:43  Assimilator  
  93  6:44  Adept x2, Pylon  
  93  6:46  Assimilator  
  99  6:51  Probe  
  99  6:53  Robotics Facility  
  100  6:56  Protoss Ground Weapons Level 2 (Chrono Boost)  
  100  7:00  Adept x3  
  106  7:03  Pylon  
  106  7:10  Photon Cannon  
  106  7:13  Photon Cannon  
  106  7:15  Zealot  
  108  7:20  Stalker x2  
  108  7:21  Adept x2  
  116  7:30  Adept  
  116  7:31  Adept  
  120  7:39  Adept x2  
  120  7:41  Pylon  
  124  7:53  Nexus  
  124  7:57  Pylon  
  124  7:59  Disruptor x2  
  124  8:00  Pylon  
  124  8:01  Adept  
  132  8:26  Stalker x5  
  132  8:27  Stalker x2  
  146  8:35  Disruptor  
  146  8:39  Photon Cannon  
  146  8:40  Gateway, Protoss Ground Weapons Level 3 (Chrono Boost)  
  149  8:44  Photon Cannon  
  149  8:45  Photon Cannon  
  149  8:55  Pylon  
  149  8:57  Pylon  
  149  9:06  Disruptor (Chrono Boost)  
  149  9:09  Stalker  
  154  9:10  Stalker x4, Probe  
  154  9:11  Probe  
  154  9:13  Disruptor (Chrono Boost)  
  154  9:16  Pylon  
  167  9:26  Assimilator  
  167  9:31  Assimilator  
  167  9:34  Stalker x5  
  177  9:39  Photon Cannon  
  177  9:41  Probe x2  
  182  9:45  Disruptor (Chrono Boost)  
  182  9:51  Pylon  
  185  9:55  Adept  
  185  9:58  Adept x2  
  188  10:09  Adept  
  188  10:10  Adept x2, Zealot x2  
  194  10:35  Adept  
  196  10:38  Zealot  
  196  10:42  Pylon  
  193  10:44  Zealot x2  
  193  10:45  Zealot  
  193  10:49  Zealot  
  188  10:50  Adept x2, Zealot  
  188  10:56  Adept  
  186  11:01  Immortal (Chrono Boost)  
  186  11:02  Adept  
  196  11:06  Immortal (Chrono Boost)  
  190  11:14  Pylon  
  190  11:16  Pylon  
  190  11:20  Protoss Ground Armor Level 1  
  184  11:27  Probe  
  184  11:32  Probe  
  181  11:33  Dark Shrine  
  181  11:34  Probe  
  181  11:35  Immortal (Chrono Boost)  
  181  11:36  Templar Archives  
  181  11:39  Probe  
  190  11:40  Probe  
  190  11:44  Charge  
  192  11:53  Pylon  
  192  11:55  Probe, Pylon x2  
  192  12:00  Probe  
  194  12:08  Probe  
  195  12:17  Cybernetics Core  
  195  12:18  Gateway  
  195  12:20  Probe  
  186  12:39  Disruptor (Chrono Boost)  
  181  12:44  Probe  
  181  12:45  Probe x2  
  181  12:46  Probe  
  184  12:51  Dark Templar  
  184  12:52  Dark Templar x5  
  184  12:57  Probe, Dark Templar  
  199  12:59  Probe  
  200  13:10  Photon Cannon  
  196  13:13  Photon Cannon  
  192  13:23  Adept  
  192  13:24  Adept x4  
  190  13:49  Pylon  
  190  13:51  Nexus, Pylon  
  190  13:52  Nexus, Pylon  
  188  14:04  Probe, Adept  
  188  14:09  Protoss Ground Armor Level 2  
  184  14:13  Adept x3, Observer (Chrono Boost)  
  191  14:26  Observer Gravitic Boosters  
  186  14:45  Dark Templar x2  
  188  14:54  Probe x2  
  182  15:08  Probe  
  182  15:09  Probe x3  
  186  15:21  Probe  
  187  15:31  Adept x3, Zealot  
  188  15:40  Zealot  
  180  15:49  Zealot x2  
  170  15:50  Zealot  
  170  15:52  Observer (Chrono Boost)  
  161  16:11  Observer (Chrono Boost)  
  148  16:18  High Templar  
  148  16:19  High Templar  
  148  16:21  Probe  
  144  16:31  Archon  
  144  16:32  Dark Templar x2  
  138  16:49  Observer (Chrono Boost)  
  123  17:02  Pylon  
  123  17:07  High Templar x3  
  123  17:08  High Templar  
  111  17:39  Archon  
  92  18:12  Nexus  
  86  19:43  Pylon  
  70  20:27  Pylon  
  68  20:29  Pylon  
  68  20:31  Pylon  
  67  21:14  Pylon  
Show
View Real Time Build Order
Export as new Build Order

Serral Zerg - Winner!

Build Orders: Hatch First, Lurkers 

Get SALT Encoding   

  12  0:01  Drone  
  13  0:12  Overlord  
  13  0:17  Drone  
  14  0:31  Drone x2  
  14  0:35  Drone  
  17  0:57  Drone  
  17  1:01  Hatchery  
  17  1:10  Spawning Pool  
  16  1:12  Drone  
  16  1:16  Drone  
  18  1:40  Drone  
  18  1:42  Drone  
  20  1:51  Overlord  
  20  1:54  Hatchery  
  20  1:59  Queen  
  21  2:03  Zergling x2  
  22  2:13  Queen  
  22  2:15  Zergling x2  
  25  2:18  Drone  
  25  2:21  Drone  
  27  2:24  Drone  
  28  2:33  Drone  
  28  2:36  Drone x2  
  31  2:38  Queen  
  33  2:47  Drone x2  
  35  2:55  Overlord  
  35  2:57  Drone  
  36  3:06  Queen  
  36  3:07  Drone x2  
  36  3:10  Extractor x2  
  37  3:13  Drone  
  37  3:17  Drone x2  
  40  3:21  Zergling x2  
  40  3:23  Zergling x2  
  40  3:25  Drone x2  
  44  3:30  Spine Crawler  
  43  3:38  Zergling x6  
  46  3:41  Queen  
  46  3:48  Drone x2  
  48  3:55  Overlord  
  48  4:00  Drone x2  
  49  4:02  Roach Warren  
  49  4:05  Drone  
  49  4:08  Drone x2  
  49  4:15  Overlord  
  49  4:16  Drone x2  
  51  4:17  Lair  
  51  4:23  Drone x3  
  54  4:26  Drone x2  
  56  4:31  Overlord  
  56  4:35  Drone x3  
  59  4:39  Metabolic Boost  
  59  4:44  Roach Warren  
  58  4:46  Drone  
  59  4:56  Drone x5, Extractor  
  59  4:57  Drone x2  
  65  5:02  Overlord  
  65  5:05  Drone x4  
  69  5:08  Overlord  
  69  5:12  Overlord  
  69  5:15  Overlord x2  
  69  5:21  Overseer  
  69  5:23  Glial Reconstitution  
  69  5:30  Drone x6  
  75  5:39  Overlord  
  75  5:42  Roach x5  
  85  5:45  Extractor  
  85  5:47  Evolution Chamber  
  85  5:48  Evolution Chamber, Extractor  
  85  5:49  Drone  
  81  5:50  Drone x3, Extractor  
  81  5:52  Zergling x4  
  81  5:54  Overlord  
  84  5:58  Drone x2  
  84  5:59  Overlord  
  90  6:04  Roach x2  
  90  6:06  Drone x3  
  90  6:08  Overlord  
  93  6:15  Zerg Melee Weapons Level 1  
  93  6:17  Hydralisk Den  
  91  6:19  Zerg Ground Armor Level 1  
  91  6:22  Drone x3  
  91  6:23  Drone x3  
  97  6:34  Drone  
  97  6:35  Drone x3  
  101  6:40  Zergling x8  
  101  6:45  Lurker Den  
  101  6:46  Hatchery  
  104  6:52  Hydralisk  
  104  6:53  Hydralisk x4  
  114  6:58  Pneumatized Carapace  
  114  7:05  Overlord  
  114  7:06  Overlord  
  114  7:14  Zergling x2  
  114  7:15  Zergling x18  
  124  7:21  Hydralisk x2  
  128  7:23  Overlord x2  
  128  7:31  Roach x2  
  128  7:32  Ravager x5  
  134  7:48  Drone  
  134  7:49  Drone x6  
  134  7:51  Drone  
  141  7:52  Spine Crawler  
  141  7:56  Drone x3, Infestation Pit  
  142  7:59  Overlord  
  139  8:07  Extractor  
  139  8:09  Zergling x16, Extractor  
  138  8:13  Lurker x5  
  138  8:18  Zerg Ground Armor Level 2, Zerg Melee Weapons Level 2  
  141  8:21  Queen  
  141  8:23  Drone x3  
  141  8:25  Zergling x8  
  148  8:31  Lurker  
  148  8:33  Drone x3  
  152  8:35  Spore Crawler  
  152  8:40  Spore Crawler  
  150  8:45  Hydralisk  
  150  8:46  Hydralisk x2, Zergling x2  
  150  8:47  Zergling x6  
  160  8:49  Hive  
  160  8:52  Overlord  
  158  8:56  Lurker  
  158  8:57  Overlord  
  158  9:01  Zergling x24  
  171  9:09  Hatchery  
  162  9:17  Zergling x14  
  169  9:30  Zergling x2  
  169  9:31  Zergling x20  
  180  9:36  Lurker x3  
  180  9:37  Overlord  
  183  9:38  Spine Crawler  
  183  9:39  Drone x2, Spore Crawler  
  183  9:42  Zergling x2  
  183  10:03  Zergling x30  
  184  10:16  Hatchery, Zergling x6  
  184  10:17  Zergling x10  
  181  10:29  Hydralisk x9  
  181  10:32  Adrenal Glands  
  181  10:33  Ultralisk Cavern  
  188  10:55  Lurker  
  188  10:56  Lurker x7  
  188  10:57  Lurker, Zergling x26  
  187  11:02  Zergling x4  
  186  11:22  Chitinous Plating  
  186  11:25  Overlord x4  
  173  11:42  Zerg Ground Armor Level 3, Zerg Melee Weapons Level 3  
  173  11:46  Spire  
  172  11:47  Hatchery  
  172  11:50  Queen  
  173  12:07  Ravager x4  
  171  12:13  Ultralisk x5  
  186  12:31  Zergling x28  
  197  12:47  Zergling x6  
  197  12:48  Zergling x12  
  197  12:57  Infestor  
  199  13:00  Greater Spire  
  199  13:02  Overseer  
  199  13:04  Overseer  
  198  13:14  Zergling x2  
  198  13:15  Zergling x2  
  189  13:41  Corruptor x7  
  199  14:06  Overseer  
  183  14:14  Zerg Flyer Weapons Level 1  
  178  14:19  Brood Lord x3  
  178  14:20  Brood Lord x4  
  178  14:23  Overseer  
  192  14:26  Infestor x3  
  188  14:52  Zergling x2, Extractor  
  185  14:53  Zergling x24  
  196  15:09  Drone x3  
  196  15:10  Hatchery  
  195  15:24  Hatchery  
  175  15:50  Hatchery  
  162  16:10  Mutalisk x11  
  170  16:11  Mutalisk x6  
  170  16:15  Mutalisk  
  179  16:25  Mutalisk  
  179  16:26  Mutalisk x2  
  146  16:46  Mutalisk  
  128  16:59  Zergling x4  
  111  17:35  Roach x3  
  108  17:48  Drone x3  
  111  17:53  Drone  
  111  17:56  Hatchery  
  109  18:10  Drone  
  109  18:11  Drone  
  111  18:13  Drone x2, Spawning Pool  
  109  18:31  Drone x2  
  109  18:33  Drone x2  
  113  19:09  Lair  
  111  19:10  Drone  
  108  19:29  Drone  
  101  19:50  Drone x2  
  103  19:55  Drone x3  
  106  20:06  Drone x3  
  109  20:59  Drone x3  
  109  21:00  Queen  
  99  22:20  Hatchery  
  98  22:25  Drone x2  
  96  23:01  Drone x5  
Tags
 
Add a new tag
Caveats
  • Supply blocks, unpowered buildings, or Contaminate may cause inaccurate times.
  • Supply counts are checked every 10 seconds.